 Dungeon Crawl Stone Soup version 0.29-a0-338-g1ff7896281 (webtiles) character file.

Game seed: 12474067773523924788

5 Jortsu the Skirmisher (level 1, -2/22 HPs)
             Began as a Troll Fighter on Apr 19, 2022.
             Slain by a gnoll
             ... wielding a +0 flail
              (7 damage)
             ... on level 1 of the Dungeon.
             The game lasted 00:00:12 (73 turns).

Jortsu the Skirmisher (Troll Fighter)                 Turns: 73, Time: 00:00:13

Health: -2/22      AC:  4    Str: 23    XL:     1   Next: 66%
Magic:  0/0        EV:  8    Int:  4    God:
Gold:   15         SH:  7    Dex:  9    Spells: 0/0 levels left

rFire   . . .      SeeInvis .   a - +0 flail
rCold   . . .      Faith    .   c - +0 kite shield
rNeg    . . .      Spirit   .   b - +0 robe
rPois   .          Reflect  .   (helmet restricted)
rElec   .          Harm     .   (no cloak)
rCorr   .          Rampage  .   (gloves unavailable)
Will    .....                   (boots unavailable)
Stlth   +.........              (no amulet)
HPRegen 0.87/turn               (no ring)
MPRegen 0.07/turn               (no ring)

@: no status effects
A: large, unfitting armour, claws 3, regeneration 1, shaggy fur 1, tough skin 1
a: no special abilities


You were on level 1 of the Dungeon.
You visited 1 branch of the dungeon, and saw 1 of its levels.

You collected 15 gold pieces.

Inventory:

Hand Weapons
 a - a +0 flail (weapon)
Armour
 b - a +0 robe (worn)
 c - a +0 kite shield (worn)
Scrolls
 e - a scroll of enchant armour {unknown}
Potions
 d - a potion of might


   Skills:
 + Level 2.5 Fighting
 + Level 1.8 Maces & Flails
 + Level 2.5 Dodging
 + Level 2.5 Shields


You couldn't memorise any spells.
You didn't know any spells.
Your spell library was empty.

Dungeon Overview and Level Annotations

Branches:
Dungeon (1/15)

Altars:


Innate Abilities, Weirdness & Mutations

You are too large for most types of armour.
You have claws for hands.
Your natural rate of healing is unusually fast.
You are covered in fur. (AC +1)
You have tough skin. (AC +1)


Message History

You see here a bat corpse.
You hit the goblin.
You kill the goblin!
Things that are here:
a +0 dagger; a goblin corpse A kobold comes into view.
It is wielding a +0 short sword.
A kobold is nearby!
The kobold shouts!
You block the kobold's attack.
An endoplasm comes into view.
You barely miss the kobold. You block the kobold's attack.
You barely miss the kobold.
The kobold hits you with a +0 short sword.
The kobold hits you but does no damage.
You barely miss the kobold.
The kobold hits you with a +0 short sword.
A gnoll comes into view. It is wielding a +0 flail.
You barely miss the kobold.
The gnoll shouts!
The kobold hits you but does no damage. x2
You miss the kobold. The kobold closely misses you.
The endoplasm hits you but does no damage.
You sock the kobold!
You kill the kobold!
The endoplasm hits you but does no damage.
The endoplasm barely misses you. You block the gnoll's attack.
The endoplasm freezes you.
You are frozen.
Things that are here:
a +0 short sword; 3 stones You barely miss the gnoll.
The endoplasm freezes you.
You are frozen.
The gnoll hits you with a +0 flail.
You barely miss the gnoll. The gnoll hits you with a +0 flail.
The endoplasm freezes you.
You are frozen.
* * * LOW HITPOINT WARNING * * *
You block the endoplasm's attack. The gnoll hits you with a +0 flail!
You die...

#.. #..# #..
...# #..##.#.
#......# #
#......# #.
#.
#......#...
#.##
#.#g.......
#...#
#..@...#
#..###...J..#
#.......)..#
##..##.....#
#
#..##.....#.#
#............
#.####......(
##.#
#.........
#..#
#.......##


You could see a gnoll and an endoplasm.

Vanquished Creatures
  An endoplasm (D:1)
  A goblin (D:1)
  3 bats (D:1)
  A kobold (D:1)
6 creatures vanquished.

Notes
Turn   | Place    | Note
-------+----------+-------------------------------------------
     0 | D:1      | Jortsu the Troll Fighter began the quest for the Orb.
     0 | D:1      | Reached XP level 1. HP: 22/22 MP: 0/0
     3 | D:1      | Noticed an electric eel
     4 | D:1      | Noticed an electric eel
    73 | D:1      | Slain by a gnoll

Illustrated notes

Levels and vault maps discovered:
D:1:      arrival_aquarium_b, layout_rooms

Action                   || total
-------------------------++-------
Melee: Flail             ||    22
Armor: Robe              ||    29
Dodge: Dodged            ||    25
Block: Kite shield       ||    16

Table legend: (Time is in decaauts)
 A = Elapsed time spent in this place.
 B = Non-inter-level travel time spent in this place.
 C = Inter-level travel time spent in this place.
 D = Time resting spent in this place.
 E = Time spent auto-exploring this place.
 F = Levels seen in this place.
 G = Mean time per level.
                   A        B        C        D        E       F      G
               +--------+--------+--------+--------+--------+-----+--------+
         Total |     82 |     82 |      0 |      0 |     34 |   1 |   82.0 |
       Dungeon |     82 |     82 |      0 |      0 |     34 |   1 |   82.0 |
               +--------+--------+--------+--------+--------+-----+--------+

Top non-repeatable levels by time:
     D:1: 82 daAuts
